 Dungeon Crawl Stone Soup version 0.21-a0-150-gc243083 (webtiles) character file.

156 Charly the Sneak (level 5, -10/26 HPs)
             Began as a Vine Stalker Assassin on July 30, 2017.
             Killed by divine providence
             ... invoked by an orc priest
              (11 damage)
             ... on level 4 of the Dungeon.
             The game lasted 00:06:16 (592 turns).

Charly the Sneak (Vine Stalker Assassin)             Turns: 592, Time: 00:06:17

Health: -10/26     AC:  3    Str: 13    XL:     5   Next: 38%
Magic:  0/6        EV: 12    Int: 11    God:
Gold:   44         SH:  0    Dex: 20    Spells: 4/4 levels left

rFire    . . .     SeeInvis .   a - +2 dagger
rCold    . . .     Gourm    .   (no shield)
rNeg     + . .     Faith    .   c - +0 robe
rPois    .         Spirit   +   (no helmet)
rElec    .         Reflect  .   d - +0 cloak
rCorr    .         Harm     .   (no gloves)
MR       .....                  (no boots)
Stlth    ++++......             (no amulet)
HPRegen  0.48/turn              k - ring of positive energy
MPRegen  0.10/turn              s - +3 ring of dexterity

@: lethally poisoned (-10 -> -10)
A: fangs 2, regeneration 1, magic shield, antimagic bite, no potion heal 3, rot
immunity
a: no special abilities


You were on level 4 of the Dungeon.
You were not hungry.

You visited 1 branch of the dungeon, and saw 4 of its levels.

You collected 44 gold pieces.

Inventory:

Hand Weapons
 a - a +2 dagger (weapon)
 b - a +0 blowgun
Missiles
 e - 8 poisoned needles
 f - a curare-tipped needle
 q - a throwing net (quivered)
Armour
 c - a +0 robe (worn)
 d - a +0 cloak (worn)
Jewellery
 k - a ring of positive energy (left hand)
 r - an uncursed ring of wizardry
 s - a +3 ring of dexterity (right hand)
Wands
 p - a wand of confusion (3/48)
Scrolls
 h - a scroll of magic mapping {unknown}
 i - a scroll of blinking {unknown}
 l - a scroll of identify {unknown}
 m - a scroll of amnesia {unknown}
 o - a scroll of enchant weapon {unknown}
Potions
 j - a potion of curing {unknown}
 n - a potion of berserk rage {unknown}
Comestibles
 g - a bread ration


   Skills:
 - Level 2.0 Fighting
 + Level 3.3 Short Blades
 - Level 1.7 Throwing
 - Level 0.7 Dodging
 + Level 6.9 Stealth


You had 4 spell levels left.
You didn't know any spells.

Dungeon Overview and Level Annotations

Branches:
Dungeon (4/15)
 Temple: D:4-7

Altars:
Elyvilon
Nemelex Xobeh

Annotations:
D:4 Edmund


Innate Abilities, Weirdness & Mutations

You have extremely sharp teeth.
Your natural rate of healing is unusually fast.
When hurt, damage is shared between your health and your magic reserves.
Your bite disrupts and absorbs the magic of your enemies.
Potions cannot restore your health.
You are immune to rotting.


Message History

Beogh smites you!
You hit the adder but do no damage. You bite the adder, but do no damage.
The adder is heavily wounded.
The adder barely misses you. The adder bites you.
You feel sick. The adder bites you.
You are more poisoned.
The adder poisons you!
You feel sick. The worker ant barely misses you.
The orc priest invokes the aid of Beogh against you.
Beogh smites you!
* * * LOW HITPOINT WARNING * * *
* * * LOW HITPOINT WARNING * * *
You feel sick.
Things that are here:
a club; an orc corpse; a hound corpse The orc priest mumbles some strange prayers to Beogh against you.
Beogh smites you!
You die...

#.##.#.## ##.# #.##.#.## #..#
#.##....# ## #.##
#.##....###.....#
#.#.#.......###.# #<.###......#
#.# #####.#.#.....o#######
#.....##ow..#..oo≈8≈≈.
#....@##....#.#.o≈≈≈..
#...)a##.#.##.##....
#...S.##.#.##......
#....###..........# #.#@##
###.#####.## . ########.#.#
#)#####<#### #. .........o.##
#.##.......# ... #...........#
#.......##†#
#...#.#####.....#####..#.##)##.##


You could see Edmund, a worker ant, an orc priest and an adder.

Vanquished Creatures
  A hound (D:4)
  Ijyb (D:4)
  An orc wizard (D:4)
  A worker ant (D:4)
  3 gnolls (D:3)
  An ooze (D:3)
  A dart slug (D:4)
  A leopard gecko (D:1)
  2 orcs (D:4)
  A giant cockroach (D:3)
  A hobgoblin (D:3)
  3 jackals (D:3)
  A quokka (D:4)
  2 frilled lizards
  A kobold (D:2)
  A rat (D:3)
22 creatures vanquished.

Notes
Turn   | Place    | Note
-------+----------+-------------------------------------------
     0 | D:1      | Charly the Vine Stalker Assassin began the quest for the Orb.
     0 | D:1      | Reached XP level 1. HP: 11/11 MP: 2/2
    60 | D:1      | Reached skill level 5 in Stealth
   101 | D:1      | Found a sparkling altar of Nemelex Xobeh.
   141 | D:3      | Reached XP level 2. HP: 13/15 MP: 3/3
   232 | D:4      | Noticed Ijyb
   269 | D:4      | Killed Ijyb
   269 | D:4      | Reached XP level 3. HP: 3/18 MP: 4/4
   309 | D:4      | Reached skill level 6 in Stealth
   309 | D:4      | Gained mutation: Your natural rate of healing is unusually fast. [Vine Stalker growth]
   309 | D:4      | Reached XP level 4. HP: 7/23 MP: 5/5
   369 | D:4      | HP: 1/23 [dart slug/slug dart (1)]
   461 | D:3      | Reached XP level 5. HP: 3/26 MP: 1/6
   511 | D:3      | Found a white marble altar of Elyvilon.
   574 | D:4      | Noticed Edmund
   590 | D:4      | HP: 1/26 [orc priest/divine providence (11)]
   592 | D:4      | Killed from afar by an orc priest

Vault maps used:
D:1:      sevenhm_arrival_forest_fort_small_3, serial_co_window_serial,
          co_window_paths_a, co_window_paths_a, co_window_corner_a,
          co_window_cross_1, co_window_paths_a, co_window_corner_a,
          co_window_paths_c, co_window_broadway_a, co_window_corner_b,
          co_window_paths_c, co_window_4corner_b, minmay_misc_feat_four_crosses,
          nemelex_xobeh_ov_fountains_minmay
D:2:      first_bread, uniq_robin
D:3:      elyvilon_altar_1
D:4:      moated_statue, minmay_ruined_shrine, uniq_edmund, uniq_ijyb

Skill      XL: |  1  2  3  4 |
---------------+-------------+-----
Stealth        | 5 6 |  6.9
Short Blades   | 2 3 |  3.3
Fighting       | 2 |  2.0
Throwing       | |  1.7
Dodging        | |  0.7

Action                   |  1- 3 |  4- 6 || total
-------------------------+-------+-------++-------
Melee: Dagger            |    45 |    74 ||   119
       Bite              |    11 |    30 ||    41
 Fire: Blowgun           |     4 |       ||     4
Evoke: Wand              |       |     3 ||     3
 Stab: Sleeping          |     1 |     1 ||     2
       Confused          |       |     1 ||     1
Armor: Robe              |     9 |     9 ||    18
Dodge: Dodged            |    30 |    37 ||    67
